 Dungeon Crawl Stone Soup version 0.21.1-1-g345015fe64 (webtiles) character file.

373 Oravi the Changer (level 6, 0/43 HPs)
             Began as a Merfolk Transmuter on May 1, 2018.
             Succumbed to a kobold's poison
             ... on level 3 of the Dungeon.
             The game lasted 00:08:55 (2139 turns).

Oravi the Changer (Merfolk Transmuter)              Turns: 2139, Time: 00:08:56

Health: 0/43       AC:  5    Str: 11    XL:     6   Next: 71%
Magic:  8/9        EV: 14    Int: 14    God:
Gold:   124        SH:  0    Dex: 14    Spells: 4/9 levels left

rFire    . . .     SeeInvis .     - Unarmed
rCold    . . .     Gourm    .   (no shield)
rNeg     . . .     Faith    .   b - +0 robe
rPois    .         Spirit   .   (no helmet)
rElec    .         Reflect  .   (no cloak)
rCorr    .         Harm     .   (no gloves)
MR       .....                  e - +2 pair of boots
Stlth    +.........             (no amulet)
HPRegen  0.14/turn              (no ring)
MPRegen  0.11/turn              (no ring)

@: lethally poisoned (0 -> -26), flying, hasted, very quick
A: change form in water, swift swim, stealthy swim
a: no special abilities


You were on level 3 of the Dungeon.
You were not hungry.

You visited 1 branch of the dungeon, and saw 3 of its levels.

You collected 124 gold pieces.

Inventory:

Hand Weapons
 g - a +1 spear of piercing
Missiles
 a - 12 arrows
 h - 54 stones (quivered)
Armour
 b - a +0 robe (worn)
 e - a +2 pair of boots (worn)
 f - a +0 cloak
Jewellery
 j - an uncursed amulet of regeneration {unknown}
Books
 c - a book of Changes

   Spells                             Type                      Level
   a - Beastly Appendage              Transmutation                1
   b - Sticks to Snakes               Transmutation                2
   c - Spider Form                    Transmutation/Poison         3
   d - Ice Form                       Ice/Transmutation            4
   e - Blade Hands                    Transmutation                5
Comestibles
 d - 5 rations
 i - 10 chunks of flesh


   Skills:
 - Level 1.1 Fighting
 + Level 3.6 Dodging
 + Level 5.4 Unarmed Combat
 - Level 2.0 Spellcasting
 + Level 5.8 Transmutations
 - Level 3.0 Poison Magic


You had 4 spell levels left.
You knew the following spells:

 Your Spells              Type           Power        Failure   Level  Hunger
a - Spider Form           Tmut/Pois      ##........   12%         3    ####...
b - Sticks to Snakes      Tmut           ###.....     3%          2    ###....


Dungeon Overview and Level Annotations

Branches:
Dungeon (3/15)

Altars:


Message History

You feel sick.
* * * LOW HITPOINT WARNING * * *
You feel sick.
Things that are here:
a dagger of venom; a kobold corpse You punch the orc!
You kill the orc!
* * * LOW HITPOINT WARNING * * *
You feel sick.
* * * LOW HITPOINT WARNING * * *
You feel sick.
Things that are here:
a mace; an orc corpse You hit the leopard gecko but do no damage.
* * * LOW HITPOINT WARNING * * *
You feel sick.
The leopard gecko bites you but does no damage.
You hit the leopard gecko.
The leopard gecko is almost dead.
You die...

#######.#.#....#
........#.#....#
..........#....#
##############.##
............##.)#
............###.#
............#
#(##
.......######
#))# .......#
##@## ..<....#
#l.# .......#
##.# .......####
#.# ..........#
#.# ..........#
#.# ..........#
... ..........#
..... ..........#
.......


You could see a leopard gecko.

Vanquished Creatures
  Sigmund (D:2)
  3 orc wizards (D:3)
  Robin (D:1)
  4 adders
  A worm (D:3)
  A dart slug (D:1)
  A leopard gecko (D:2)
  7 orcs (D:3)
  6 bats
  3 giant cockroaches
  20 goblins
  6 hobgoblins
  8 kobolds
  2 quokkas (D:2)
  A ball python (D:2)
  2 frilled lizards (D:1)
  10 rats
77 creatures vanquished.

Notes
Turn   | Place    | Note
-------+----------+-------------------------------------------
     0 | D:1      | Oravi the Merfolk Transmuter began the quest for the Orb.
     0 | D:1      | Reached XP level 1. HP: 15/15 MP: 3/3
    51 | D:1      | Reached XP level 2. HP: 21/21 MP: 5/5
    55 | D:1      | Learned a level 2 spell: Sticks to Snakes
   428 | D:1      | Reached XP level 3. HP: 25/26 MP: 6/6
   433 | D:1      | Learned a level 3 spell: Spider Form
   943 | D:2      | Noticed Robin
   965 | D:1      | Killed Robin
   965 | D:1      | Reached skill level 1 in Poison Magic
   965 | D:1      | Reached XP level 4. HP: 13/32 MP: 1/7
  1214 | D:2      | Noticed Sigmund
  1226 | D:2      | Killed Sigmund
  1226 | D:2      | Reached skill level 5 in Unarmed Combat
  1226 | D:2      | Reached skill level 5 in Transmutations
  1226 | D:2      | Reached XP level 5. HP: 21/37 MP: 5/8
  1388 | D:2      | Reached XP level 6. HP: 43/43 MP: 5/9
  2137 | D:3      | HP: 1/43 [poisoned by a kobold]
  2139 | D:3      | Succumbed to a kobold's poison

Skill      XL: |  1  2  3  4  5  6 |
---------------+-------------------+-----
Transmutations | 3 4 5 |  5.8
Unarmed Combat | 4 5 |  5.4
Poison Magic   | 1 2 3 |  3.0
Dodging        | 3 |  3.6
Fighting       | |  1.1
Spellcasting   | |  2.0

Action                   |  1- 3 |  4- 6 || total
-------------------------+-------+-------++-------
Melee: Unarmed           |   110 |    86 ||   196
       Headbutt          |     5 |       ||     5
       Punch             |     1 |       ||     1
Throw: Stone             |    12 |       ||    12
 Cast: Beastly Appendage |     8 |       ||     8
       Spider Form       |     6 |    20 ||    26
 Abil: End Transformatio |       |     1 ||     1
  Use: Scroll            |     1 |     2 ||     3
       Potion            |     2 |     3 ||     5
 Stab: Sleeping          |     1 |     1 ||     2
  Eat: Chunk             |     1 |     7 ||     8
Armor: Robe              |    27 |     2 ||    29
       Skin              |    10 |     6 ||    16
Dodge: Dodged            |    91 |    57 ||   148
